 Dungeon Crawl Stone Soup version 0.25-a0-435-g4b9beb1024 (webtiles) character file.

Game seed: 2220325433759974663, levelgen mode: deterministic

6878 Elellon the Thaumaturge (level 10, -5/56 HPs)
             Began as a Deep Elf Conjurer on Jan 26, 2020.
             Was a Priest of Vehumet.
             Killed from afar by a manticore (20 damage)
             ... with a volley of spikes
             ... on level 9 of the Dungeon.
             The game lasted 00:20:14 (9731 turns).

Elellon the Thaumaturge (Deep Elf Conjurer)         Turns: 9731, Time: 00:20:14

Health: -5/56      AC:  5    Str:  7    XL:     10   Next: 78%
Magic:  5/28       EV: 19    Int: 22    God:    Vehumet [***...]
Gold:   470        SH:  0    Dex: 15    Spells: 21/33 levels left

rFire    x . .     SeeInvis +   j - +1 short sword
rCold    . . .     Gourm    .   (no shield)
rNeg     . . .     Faith    .   w - +1 robe of Autotheism {rPois rF- rCorr}
rPois    +         Spirit   .   h - +0 helmet
rElec    .         Reflect  .   (no cloak)
rCorr    +         Harm     .   (no gloves)
MR       +....                  o - +0 pair of boots
Stlth    ++........             (no amulet)
HPRegen  0.18/turn              p - +3 ring of evasion
MPRegen  0.21/turn              E - ring of see invisible

@: barbed spikes
A: no striking features
a: Renounce Religion


You were on level 9 of the Dungeon.
You worshipped Vehumet.
Vehumet was most pleased with you.
You were near starving.

You visited 2 branches of the dungeon, and saw 10 of its levels.

You collected 470 gold pieces.

Inventory:

Hand Weapons
 j - a +1 short sword (weapon)
Armour
 a - a +0 robe
 h - a +0 helmet (worn)
 o - a +0 pair of boots (worn)
 w - the +1 robe of Autotheism (worn) {rPois rF- rCorr}
   (You found it on level 6 of the Dungeon)

   It makes you vulnerable to fire.
   It protects you from poison.
   It provides partial protection from all sources of acid and corrosion.
   If you remove this armour, your AC will fall 3 points (5 -> 2)
Jewellery
 l - an uncursed ring of positive energy
 p - a +3 ring of evasion (left hand)
 E - a ring of see invisible (right hand)
Wands
 v - a wand of paralysis (9)
 x - a wand of random effects (31)
 y - a wand of acid (12)
 F - a wand of polymorph (14)
 G - a wand of iceblast (8)
Scrolls
 b - 8 scrolls of teleportation
 d - 5 scrolls of identify
 e - 3 scrolls of magic mapping
 i - 3 scrolls of enchant weapon
 m - 2 scrolls of blinking {unknown}
 q - a scroll of amnesia
 u - 2 scrolls of enchant armour {unknown}
 C - a scroll of silence {unknown}
 D - a scroll of immolation {unknown}
 H - a scroll of remove curse
Potions
 f - a potion of flight
 g - 2 potions of resistance
 k - 2 potions of might
 n - 4 potions of curing
 r - 2 potions of ambrosia
 s - a potion of brilliance
 t - 2 potions of heal wounds
 z - a potion of agility {unknown}
 A - a potion of lignification {unknown}
 B - 3 potions of mutation {unknown}
 I - a potion of haste
 J - a potion of magic {unknown}
Comestibles
 c - 14 rations


   Skills:
 + Level 3.7 Fighting
 + Level 6.3 Dodging
 - Level 2.4 Stealth
 + Level 12.3 Spellcasting
 - Level 10.0 Conjurations
 + Level 5.1 Translocations
 * Level 7.7 Fire Magic


You had 21 spell levels left.
You knew the following spells:

 Your Spells              Type           Power        Failure   Level  Hunger
a - Magic Dart            Conj           ####         1%          1    None
b - Searing Ray           Conj           ######       1%          2    None
c - Iskenderun's Mystic   Conj/Tloc      #####...     1%          4    None
d - Conjure Flame         Conj/Fire      ######..     1%          3    None
e - Blink                 Tloc           N/A          1%          2    None

Your spell library contained the following spells:

 Spells                   Type           Power        Failure   Level  Hunger
 Ignite Poison            Fire/Tmut/Pois ###.....     1%          3    None
 Dazzling Flash           Conj/Hex       #####.       1%          3    None
 Mephitic Cloud           Conj/Pois/Air  ####....     1%          3    None
 Fulminant Prism          Conj/Hex       #####.....   1%          4    None
 Call Imp                 Summ           ##......     8%          2    None
 Slow                     Hex            ##......     8%          2    None


Dungeon Overview and Level Annotations

Branches:
Dungeon (9/15)             Temple (1/1) D:7             Orc (0/2) D:9
   Lair: D:8-11

Altars:
Ashenzari
Cheibriados
Fedhas
Gozag
Hepliaklqana
Kikubaaqudgha
Makhleb
Qazlal
Trog
Vehumet
Xom

Shops:
D:7 *


Message History

Confirm with . or Enter, or press ? or * to list all spells.
You don't have enough magic to cast that spell.
The manticore bites you but does no damage.
The manticore barely misses you. The manticore misses you.
The manticore flicks its tail.
The volley of spikes hits you!
The barbed spikes become lodged in your body.
* * * LOW HITPOINT WARNING * * *
The bullfrog closely misses you.
The barbs in your skin will harm you if you move.
Continue?
Okay, then.
Your surroundings suddenly seem different.
You start resting.
You carefully extract the barbed spikes from your body.
You start resting.
The manticore is too close now for your liking.
The manticore flicks its tail.
The volley of spikes hits you!!
The barbed spikes become lodged in your body.
You die...

#...#.##..##.##.[####.####..##
#...#..##..#.#..###..#..###[..
#...##..##.....###.#####.###..
####........###.####.##.[.##.####
.......##...#..## #.##..(..##.##.
.......####.#..# #H#......[#.#.#
.......# ..##.##..††..e.?|##.##
.......# .## #..#.#...N.J.#.##.
....>..# # #@.#.##...HF##.#.#
.......# # ##.####.##).l##.####
.......##. #... #.#####.###.#
.......#.. #.... #..#..###.#.
.......#.##..... #.####.#.#
>......#.#....## #.#.##.#.#.
.......#.#..###. #.#.#.##.#.#
.......#.......# ⌠..#.#..)#.#.
....(..#÷#..###. #.# #.#(##.#.#


You could see a manticore.

Vanquished Creatures
  A hydra (D:9)
  A two-headed ogre (D:9)
  A kobold demonologist (D:8)
  A troll (D:9)
  Grinder (D:4)
  2 hippogriffs (D:9)
  A slime creature (D:9)
  Sigmund (D:2)
  A wyvern (D:9)
  A spriggan (D:7)
  Grum (D:8)
  An orc warrior (D:8)
  A hornet zombie (D:8)
  2 ice beasts
  A necrophage (D:9)
  A phantom (D:9)
  2 ogres
  3 wolves (D:8)
  2 centaurs
  A crocodile (D:9)
  3 bullfrogs
  12 big kobolds (D:8)
  Blork the orc (D:6)
  2 scorpions (D:4)
  4 killer bees (D:9)
  5 wights (D:9)
  A centaur zombie (D:6)
  3 crimson imps
  2 jellies
  2 orc priests
  4 hounds
  A bullfrog skeleton (D:9)
  A centaur skeleton (D:4)
  5 orc wizards
  8 worker ants
  A hound skeleton (D:5)
  2 worker ant zombies (D:6)
  3 gnolls (D:8)
  9 adders
  A howler monkey skeleton (D:9)
  A shadow imp (D:5)
  An ooze (D:1)
  2 adder zombies
  A worm (D:2)
  A dart slug (D:2)
  2 leopard geckos
  12 orcs
  7 bats
  A giant cockroach (D:4)
  14 goblins
  4 hobgoblins
  5 jackals (D:1)
  3 quokkas
  2 ball pythons
  7 frilled lizards
  13 kobolds
  2 leopard gecko skeletons
  A quokka zombie (D:5)
  12 rats
187 creatures vanquished.

Notes
Turn   | Place    | Note
-------+----------+-------------------------------------------
     0 | D:1      | Elellon the Deep Elf Conjurer began the quest for the Orb.
     0 | D:1      | Reached XP level 1. HP: 10/10 MP: 6/6
   160 | D:1      | Reached XP level 2. HP: 15/15 MP: 5/8
   364 | D:1      | Reached skill level 4 in Spellcasting
   609 | D:1      | Reached skill level 5 in Conjurations
   609 | D:1      | Reached XP level 3. HP: 19/19 MP: 6/10
   850 | D:2      | Found an ancient bone altar of Kikubaaqudgha.
   881 | D:2      | Found a burning altar of Makhleb.
   999 | D:2      | Reached XP level 4. HP: 24/24 MP: 10/12
  1175 | D:2      | Reached skill level 5 in Spellcasting
  1652 | D:2      | Noticed Sigmund
  1660 | D:2      | Killed Sigmund
  1660 | D:2      | Reached skill level 6 in Spellcasting
  1660 | D:2      | Reached XP level 5. HP: 10/28 MP: 5/15
  1660 | D:2      | Reached XP level 6. HP: 12/32 MP: 5/17
  1832 | D:2      | Learned a level 2 spell: Searing Ray
  1837 | D:2      | Learned a level 4 spell: Iskenderun's Mystic Blast
  2566 | D:3      | Found a shattered altar of Ashenzari.
  2837 | D:3      | Found a radiant altar of Vehumet.
  2865 | D:3      | Became a worshipper of Vehumet
  3191 | D:4      | Noticed Grinder
  3196 | D:4      | Paralysed by Grinder for 5 turns
  3205 | D:4      | Killed Grinder
  3205 | D:4      | Reached skill level 7 in Spellcasting
  3205 | D:4      | Reached XP level 7. HP: 21/36 MP: 8/20
  3403 | D:4      | Noticed a fire elemental
  3410 | D:4      | Noticed an air elemental
  3460 | D:4      | Reached skill level 8 in Spellcasting
  3761 | D:4      | Reached skill level 9 in Spellcasting
  4022 | D:4      | Noticed a water elemental
  4028 | D:4      | Found a stormy altar of Qazlal.
  4073 | D:4      | Reached XP level 8. HP: 41/41 MP: 17/23
  4198 | D:5      | Entered Level 5 of the Dungeon
  4295 | D:5      | Reached * piety under Vehumet
  4295 | D:5      | Offered knowledge of Freeze by Vehumet.
  4711 | D:6      | Noticed Blork the orc
  4719 | D:6      | Killed Blork the orc
  5079 | D:6      | Found a hazy altar of Hepliaklqana.
  5215 | D:6      | Found a shimmering altar of Xom.
  5367 | D:6      | Got a colourful robe
  5377 | D:6      | Identified the cursed +1 robe of Autotheism {rPois rF-
                  | rCorr} (You found it on level 6 of the Dungeon)
  5697 | D:6      | Found an opulent altar of Gozag.
  5836 | D:7      | Found Xovezal's Assorted Antiques.
  5842 | D:7      | Reached skill level 10 in Spellcasting
  5911 | D:7      | Found a staircase to the Ecumenical Temple.
  5917 | Temple   | Entered the Ecumenical Temple
  6272 | D:7      | Found a bloodstained altar of Trog.
  6703 | D:8      | Learned a level 3 spell: Conjure Flame
  6706 | D:8      | Learned a level 2 spell: Blink
  6864 | D:8      | Noticed Grum
  6865 | D:8      | Reached skill level 1 in Fire Magic
  6887 | D:8      | Reached XP level 9. HP: 26/46 MP: 16/25
  6890 | D:8      | Killed Grum
  6890 | D:8      | Reached skill level 1 in Translocations
  7101 | D:8      | Reached skill level 1 in Fighting
  7101 | D:8      | Reached skill level 10 in Conjurations
  7135 | D:8      | Reached skill level 11 in Spellcasting
  7339 | D:8      | Found an opulent altar of Gozag.
  7570 | D:8      | Noticed a kobold demonologist
  7944 | D:9      | Noticed a two-headed ogre
  7951 | D:9      | Killed a two-headed ogre
  8092 | D:8      | Offered knowledge of Sandblast by Vehumet.
  8208 | D:8      | Reached ** piety under Vehumet
  8285 | D:8      | Reached skill level 5 in Fire Magic
  8586 | D:8      | Noticed a hellwing
  8586 | D:8      | Killed a kobold demonologist
  8586 | D:8      | Reached skill level 5 in Dodging
  8586 | D:8      | Reached XP level 10. HP: 52/54 MP: 16/27
  8914 | D:9      | Offered knowledge of Ignite Poison by Vehumet.
  9086 | D:9      | Reached *** piety under Vehumet
  9433 | D:9      | Reached skill level 12 in Spellcasting
  9531 | D:9      | Found a staircase to the Orcish Mines.
  9701 | D:9      | Noticed a salamander
  9701 | D:9      | Noticed a seven-headed hydra
  9701 | D:9      | Noticed a deep elf mage
  9710 | D:9      | Noticed a manticore
  9711 | D:9      | Killed a seven-headed hydra
  9711 | D:9      | Reached skill level 5 in Translocations
  9731 | D:9      | Killed from afar by a manticore

Levels and vault maps discovered:
D:1:      saegor_arrival_simple_c, layout_rooms, minmay_pentomino_t4
D:2:      layout_loops_corners, kiku_gazebo_pond_becter,
          makhleb_heckhound_becter, serial_forest, infiniplex_forest_lined_2,
          infiniplex_forest_end_1, infiniplex_forest_straight_3,
          infiniplex_forest_corner_1, infiniplex_forest_lined_corner,
          infiniplex_forest_lined_room_3, infiniplex_forest_zigzag_1,
          infiniplex_forest_zigzag_1, uniq_sigmund
D:3:      layout_loops_ring, ashenzari_altar_1, vehumet_crystals
D:4:      layout_cave_pools, first_ration, minivault_23,
          nicolae_qazlal_style_of_elements, uniq_grinder
D:5:      layout_basic, overflow_temple_1_default
D:6:      layout_loops_corners, kennysheep_mini_moat,
          nicolae_overflow_crystal_walls, marbit_many_paths, uniq_blork_the_orc
D:7:      layout_basic, lightli_temple_of_fire, minmay_temple_entry_tees,
          serial_shops, shop, the_bakery, hangedman_abyss_or_decor_passed
D:8:      layout_basic, special_room [special_room_kobold],
          nicolae_gozag_cash_rules_everything_around_me, uniq_grum
D:9:      minmay_the_grid_octo_tiled_octocenter
          [minmay_the_grid_octo_vomiting_pacman, minmay_the_grid_octo_horde,
          minmay_the_grid_octo_chip, minmay_the_grid_octo_checkered,
          minmay_the_grid_octo_prize_big_c, minmay_the_grid_square_5x5_percent,
          minmay_the_grid_square_5x5_detours,
          minmay_the_grid_square_5x5_n_small,
          minmay_the_grid_square_5x5_six_small], layout_long_grid,
          lemuel_coloured_pillars_altar, gammafunk_temple_overflow_wave,
          lightli_church_of_beogh
Temple:   dpeg_chambers_temple

Skill      XL: |  1  2  3  4  5  6  7  8  9 10 |
---------------+-------------------------------+-----
Spellcasting   | 4 6 7 9 10 11 12 | 12.3
Conjurations   | 5 6 7 8 9 10 | 10.0
Fire Magic     | 1 5 7 |  7.7
Dodging        | 5 6 |  6.3
Translocations | 3 5 |  5.1
Fighting       | 2 3 |  3.7
Stealth        | |  2.4

Action                   |  1- 3 |  4- 6 |  7- 9 | 10-12 || total
-------------------------+-------+-------+-------+-------++-------
Melee: Short sword       |       |     2 |     1 |       ||     3
 Cast: Magic Dart        |    53 |    74 |    97 |    28 ||   252
       Searing Ray       |       |     5 |    58 |    21 ||    84
       Iskenderun's Myst |       |       |    12 |    10 ||    22
       Blink             |       |       |       |     3 ||     3
  Use: Scroll            |       |       |    17 |     1 ||    18
  Eat: Chunk             |       |     7 |    14 |       ||    21
       Ration            |       |       |     1 |       ||     1
Armor: Robe              |     1 |       |    11 |     4 ||    16
       Skin              |       |       |     6 |       ||     6
Dodge: Dodged            |     2 |     7 |    79 |    33 ||   121

Table legend:
 A = Non-vault XP
 B = Vault XP
 C = Vault XP percentage of total XP
 D = Non-vault monster count
 E = Vault monster count
 F = Vault count percentage of total count
                 A         B        C        D         E       F
            +---------+---------+-------+---------+---------+-------
      Total |    2762 |    7064 |  71.9 |     131 |      56 |  29.9
            +---------+---------+-------+---------+---------+-------
        D:1 |      42 |       4 |   8.7 |      23 |       2 |   8.0
        D:2 |     127 |     270 |  68.0 |      26 |       2 |   7.1
        D:3 |      83 |       0 |   0.0 |      16 |       0 |   0.0
        D:4 |     698 |     286 |  29.1 |      18 |       1 |   5.3
        D:5 |     145 |       0 |   0.0 |       6 |       0 |   0.0
        D:6 |     117 |     143 |  55.0 |       7 |       2 |  22.2
        D:7 |     377 |     205 |  35.2 |       7 |       1 |  12.5
        D:8 |     509 |    2114 |  80.6 |      14 |      27 |  65.9
        D:9 |     664 |    4042 |  85.9 |      14 |      21 |  60.0
            +---------+---------+-------+---------+---------+-------
